 Dungeon Crawl Stone Soup version 0.27.1-4-g1640c2035a (webtiles) character file.

Game seed: 15009492006589676507

966 Jabberih the Frost Mage (level 8, -4/54 HPs)
             Began as a Merfolk Ice Elementalist on Nov 8, 2021.
             Slain by an iguana (9 damage)
             ... on level 5 of the Dungeon.
             The game lasted 00:15:58 (6242 turns).

Jabberih the Frost Mage (Merfolk Ice Elementalist)  Turns: 6242, Time: 00:15:58

Health: -4/54      AC: 13    Str:  8    XL:     8   Next: 15%
Magic:  3/11       EV: 11    Int: 16    God:
Gold:   228        SH:  0    Dex: 21    Spells: 5/11 levels left

rFire    . . .     SeeInvis .   o - +0 spear (vamp)
rCold    . . .     Faith    .   (no shield)
rNeg     + . .     Spirit   .   g - +1 ring mail
rPois    .         Reflect  .   (no helmet)
rElec    .         Harm     .   s - +2 cloak
rCorr    .         Rampage  .   (no gloves)
Will     .....                  (no boots)
Stlth    ++........             (no amulet)
HPRegen  0.18/turn              x - ring of positive energy
MPRegen  0.12/turn              y - +6 ring of dexterity

@: ice-armoured, freezing walls, hasted (expiring), very quick
A: (nimble swimmer 2), mertail
a: no special abilities


You were on level 5 of the Dungeon.
You visited 1 branch of the dungeon, and saw 5 of its levels.

You collected 228 gold pieces.

Inventory:

Hand Weapons
 e - a +0 dagger
 i - a +0 rapier
 k - a +0 spear
 n - a +0 falchion
 o - a +0 vampiric spear (weapon)
 r - a +3 quarterstaff of chaos
 u - a +1 short sword of freezing
 w - a +1 dagger of venom
Missiles
 h - 133 stones (quivered)
 m - 14 sling bullets
Armour
 a - a +0 robe
 g - a +1 ring mail (worn)
 s - a +2 cloak (worn)
Magical Staves
 t - a staff of death
Jewellery
 q - an amulet of faith
 x - a ring of positive energy (left hand)
 y - a +6 ring of dexterity (right hand)
Scrolls
 j - a scroll of enchant armour
Potions
 c - a potion of flight
 f - 2 potions of haste
 l - 2 potions of lignification
 v - a potion of mutation


   Skills:
 + Level 1.0 Fighting
 + Level 1.3 Polearms
 + Level 3.1 Dodging
 - Level 2.2 Stealth
 - Level 2.0 Spellcasting
 - Level 10.6 Ice Magic


You had 5 spell levels left.
You knew the following spells:

 Your Spells              Type           Power      Damage    Failure   Level
b - Frozen Ramparts       Ice            70%        1d9       2%          3
c - Ozocubu's Armour      Ice            35%        N/A       2%          3

Your spell library contained the following spells:

 Spells                   Type           Power      Damage    Failure   Level
 Freeze                   Ice            100%       1d11      1%          1
 Hailstorm                Conj/Ice       18%        3d6       58%         4
 Passwall                 Tmut/Erth      0%         N/A       67%         2
 Swiftness                Air            1%         N/A       88%         3
 Animate Dead             Necr           0%         N/A       99%         4
 Borgnjor's Vile Clutch   Necr/Erth      0%         N/A       100%        5
 Death Channel            Necr           0%         N/A       100%        6
 Invisibility             Hex            0%         N/A       100%        6


Dungeon Overview and Level Annotations

Branches:
Dungeon (5/15)
 Temple: D:4-7

Altars:
Qazlal

Annotations:
D:3 3 runed translucent doors, makewrite's ghost, amateur MiGl
D:4 3 runed translucent doors, Name63's ghost, amateur FeTm


Innate Abilities, Weirdness & Mutations

((You are quick and stealthy near water. (Stealth+, EV+, Speed+++)))
Your lower body shifts to a powerful aquatic tail in water.


Message History

The iguana bites you but does no damage.
Reach: o) +0 spear (vamp)
Press: ? - help, Dir - move target, f/p - phantom
Aim: a phantom (almost destroyed, about 46% to evade your +0 vampiric spear)
You reach to attack!
You hit the phantom but do no damage.
The phantom is almost destroyed.
Reach: o) +0 spear (vamp)
Press: ? - help, Dir - move target, f/p - phantom
Aim: a phantom (almost destroyed, about 46% to evade your +0 vampiric spear)
You reach to attack!
You closely miss the phantom.
The phantom is almost destroyed.
Reach: o) +0 spear (vamp)
Press: ? - help, Dir - move target, f/p - phantom
Aim: a phantom (almost destroyed, about 46% to evade your +0 vampiric spear)
You reach to attack!
You hit the phantom.
The phantom is almost destroyed.
Unknown command.
You hit the phantom.
You destroy the phantom!
Your Fighting skill increases to level 1!
Your Polearms skill increases to level 1!
Your Dodging skill increases to level 3!
Casting: Ozocubu's Armour (dangerous; 2% risk of failure)
Confirm with . or Enter, or press ? or * to list all spells.
Casting: Frozen Ramparts (dangerous; 2% risk of failure)
Press: ? - help, Dir - look around, f - activate The walls around you are covered in ice.
Casting: Frozen Ramparts (dangerous; 2% risk of failure)
Confirm with . or Enter, or press ? or * to list all spells.
A film of ice covers your body!
Your extra speed is starting to run out.
Unknown command.
Okay, then.
Okay, then.
Okay, then.
The wall freezes the iguana.
You hit the iguana but do no damage.
The iguana is moderately wounded.
The wall freezes the iguana.
The iguana bites you!
You die...

#....[.....###...#
#)...####..##..#.#
#...## ##..##.##.#
#...# ##......##.###
...####.####.###.#.#
##.....## #####...#
#.####.## #...## #.#
##.# #.l## ### ###
##@# ###


You could see an iguana.

Vanquished Creatures
  A black bear (D:4)
  2 ogres (D:5)
  A phantom (D:5)
  A centaur (D:5)
  A bullfrog (D:4)
  A bullfrog zombie (D:5)
  2 hounds (D:5)
  A gnoll shaman (D:5)
  Crazy Yiuf (D:3)
  3 iguanas
  8 gnolls (D:5)
  12 adders
  2 worms
  2 dart slugs
  4 orcs
  5 endoplasms
  7 giant cockroaches
  5 goblins
  2 hobgoblins
  4 jackals
  6 kobolds
  2 quokkas
  5 ball pythons
  7 bats
  2 frilled lizards
  6 rats
93 creatures vanquished.

Vanquished Creatures (others)
  A plant (D:1)
1 creature vanquished.

Grand Total: 94 creatures vanquished

Notes
Turn   | Place    | Note
-------+----------+-------------------------------------------
     0 | D:1      | Jabberih the Merfolk Ice Elementalist began the quest for
                  | the Orb.
     0 | D:1      | Reached XP level 1. HP: 13/13 MP: 3/3
   234 | D:1      | Reached XP level 2. HP: 19/19 MP: 1/5
   513 | D:1      | Found a faded altar of an unknown god.
   585 | D:1      | Reached skill level 5 in Ice Magic
  1474 | D:2      | Reached XP level 3. HP: 24/24 MP: 4/6
  2029 | D:2      | Reached skill level 6 in Ice Magic
  2075 | D:2      | Reached XP level 4. HP: 29/30 MP: 4/7
  2359 | D:3      | Found a stormy altar of Qazlal.
  2528 | D:3      | Learned a level 3 spell: Frozen Ramparts
  2532 | D:3      | Learned a level 3 spell: Ozocubu's Armour
  2841 | D:3      | Found a runed translucent door.
  2842 | D:3      | Noticed Crazy Yiuf
  2886 | D:3      | Found a runed translucent gate.
  2886 | D:3      | Found a runed translucent gate.
  2886 | D:3      | Found a runed translucent gate.
  2888 | D:3      | Noticed makewrite's ghost (amateur MiGl)
  3253 | D:3      | Killed Crazy Yiuf
  3254 | D:3      | Reached XP level 5. HP: 23/35 MP: 0/8
  3700 | D:4      | Reached skill level 7 in Ice Magic
  4130 | D:4      | Found a runed translucent gate.
  4131 | D:4      | Found a runed translucent gate.
  4131 | D:4      | Found a runed translucent gate.
  4132 | D:4      | Noticed Name63's ghost (amateur FeTm)
  4153 | D:4      | Noticed a black bear
  4160 | D:4      | Killed a black bear
  4161 | D:4      | Reached skill level 8 in Ice Magic
  4161 | D:4      | Reached XP level 6. HP: 35/41 MP: 2/9
  4593 | D:5      | Entered Level 5 of the Dungeon
  4811 | D:5      | Reached skill level 9 in Ice Magic
  4811 | D:5      | Reached XP level 7. HP: 33/46 MP: 3/10
  5493 | D:5      | Reached skill level 10 in Ice Magic
  5973 | D:5      | Reached XP level 8. HP: 46/52 MP: 4/11
  6214 | D:5      | HP: 1/52 [phantom (2)]
  6239 | D:5      | Reached skill level 1 in Fighting
  6239 | D:5      | Reached skill level 1 in Polearms
  6242 | D:5      | Slain by an iguana

Illustrated notes

Levels and vault maps discovered:
D:1:      lightli_arrival_quake, layout_basic, shapermc_ecumenical_altar_gd
D:2:      layout_loops_cross
D:3:      layout_basic, grunt_qazlal_clouds, ebering_ghost_rock_garden,
          uniq_crazy_yiuf_cottage
D:4:      layout_basic, gammafunk_ghost_necromancy
D:5:      layout_layer_cave, ebering_dispersal_statue_hall, grunt_tough_drop

Skill      XL: |  1  2  3  4  5  6  7  8 |
---------------+-------------------------+-----
Ice Magic      | 5 6 8 9 10 | 10.6
Fighting       | 1 |  1.0
Polearms       | 1 |  1.3
Dodging        | 3 |  3.1
Stealth        | |  2.2
Spellcasting   | |  2.0

Action                   |  1- 3 |  4- 6 |  7- 9 || total
-------------------------+-------+-------+-------++-------
Melee: Unarmed           |     6 |       |       ||     6
       Dagger            |     1 |    19 |    48 ||    68
       Rapier            |     4 |     9 |       ||    13
       Quarterstaff      |       |     5 |       ||     5
       Spear             |       |       |    40 ||    40
Throw: Stone             |       |       |     4 ||     4
 Cast: Freeze            |    57 |    42 |       ||    99
       Frozen Ramparts   |       |     5 |    17 ||    22
       Ozocubu's Armour  |       |     3 |     9 ||    12
  Use: Scroll            |       |     8 |     7 ||    15
       Potion            |       |       |     2 ||     2
Armor: Robe              |     5 |       |       ||     5
       Ring mail         |    14 |    28 |    35 ||    77
Dodge: Dodged            |    46 |    29 |    42 ||   117
